Map: Inside and Out

Players

Hävøç

  • Race: Zerg Zerg
  • League: Diamond
  • Spawn Location: 7:00

DankCraft - Winner!

  • Race: Zerg Zerg
  • Spawn Location: 1:00

VOD

Have the link to the VOD?

Description

Time

  • Played on: Nov. 30, 2022, 1:13 p.m.
  • Length: 3:13
Show
View Real Time Build Order
Export as new Build Order

Hävøç Zerg 

Build Orders: Hatch First 

Get SALT Encoding   

  12  0:00  Drone  
  13  0:12  Overlord  
  13  0:18  Drone  
  14  0:30  Drone x2  
  16  0:49  Hatchery  
  15  0:54  Drone  
  15  0:56  Drone  
  17  0:59  Drone  
  18  1:13  Spawning Pool  
  18  1:15  Extractor  
  16  1:28  Drone  
  17  1:33  Drone  
  17  1:37  Drone  
  19  1:44  Drone  
  20  2:01  Queen x2  
  20  2:04  Zergling x2  
  20  2:07  Zergling x2  
  26  2:18  Spine Crawler  
  21  2:23  Zergling x2  
Show
View Real Time Build Order
Export as new Build Order

DankCraft Zerg - Winner!

Build Orders: Pool Only 

Get SALT Encoding   

  12  0:03  Drone  
  13  0:08  Drone  
  14  0:29  Spawning Pool  
  14  0:31  Drone, Extractor  
  13  0:42  Drone  
  15  1:00  Overlord  
  15  1:32  Zergling x2, Spine Crawler x2  
  15  1:33  Zergling x4  
  15  1:47  Zergling x2  
  15  1:48  Queen  
  18  1:54  Zergling x2  
  19  2:05  Zergling x2  
  20  2:16  Zergling x2  
  20  2:18  Spine Crawler  
  20  2:21  Spine Crawler  
  16  2:40  Zergling x2, Spine Crawler  
Tags
 
League
Diamond
Matchup
ZvZ
Race
Zerg
Spawn Locations
Cross Positions
Add a new tag
Caveats
  • Supply blocks, unpowered buildings, or Contaminate may cause inaccurate times.
  • Supply counts are checked every 10 seconds.